 Dungeon Crawl Stone Soup version 0.30-a0-879-ga8ba668304 (webtiles) character file.

Game seed: 7916041169973699774

330 IndexError the Digger (level 6, 0/32 HPs)
             Began as a Gargoyle Earth Elementalist on Mar 13, 2023.
             Slain by an orc
             ... wielding a +0 hand axe
              (3 damage)
             ... on level 3 of the Dungeon.
             The game lasted 00:04:09 (2298 turns).

IndexError the Digger (Gargoyle Earth Elementalist) Turns: 2298, Time: 00:04:10

Health: 0/32       AC:  8    Str: 12    XL:     6   Next: 51%
Magic:  7/12       EV: 11    Int: 17    God:
Gold:   173        SH:  0    Dex: 10    Spells: 2/14 levels left

rFire   . . .      SeeInvis .    m - staff of earth
rCold   . . .      Faith    .    (no shield)
rNeg    + . .      Spirit   .    a - +0 robe
rPois   ∞          Reflect  .    (no helmet)
rElec   +          Rampage  .    (no cloak)
rCorr   .                        p - +0 pair of gloves
Will    .....                    j - +0 pair of boots
Stlth   ++                       (no amulet)
HPRegen 0.25/turn                (no ring)
MPRegen 0.13/turn                (no ring)

@: no status effects
A: sickness immunity, AC +4, negative energy resistance 1, electricity
resistance, torment resistance 1, petrification resistance
a: no special abilities


You were on level 3 of the Dungeon.
You visited 1 branch of the dungeon, and saw 3 of its levels.

You collected 173 gold pieces.

Inventory:

Hand Weapons
 k - a +1 short sword of flaming
   (You took it off a kobold on level 1 of the Dungeon)
Armour
 a - a +0 robe (worn)
 j - a +0 pair of boots (worn)
   (You found it on level 1 of the Dungeon)
 p - a +0 pair of gloves (worn)
   (You found it on level 2 of the Dungeon)
Magical Staves
 m - a staff of earth (weapon)
   (You found it on level 2 of the Dungeon)
 q - a staff of earth
   (You found it on level 2 of the Dungeon)
Wands
 l - a wand of roots (12)
   (You found it on level 2 of the Dungeon)
Scrolls
 i - a scroll of fog {unknown}
 o - a scroll of enchant armour {unknown}
 r - a scroll of magic mapping {unknown}
 s - a scroll of vulnerability {unknown}
 t - a scroll of teleportation {unknown}
Potions
 b - a potion of magic
 c - a potion of haste {unknown}
 d - a potion of invisibility {unknown}
 e - 2 potions of heal wounds {unknown}
 f - a potion of brilliance {unknown}
 g - 2 potions of degeneration {unknown}
 h - a potion of curing {unknown}
 n - 2 potions of flight {unknown}


   Skills:
 - Level 1.5 Dodging
 - Level 2.1 Stealth
 + Level 4.5 Spellcasting
 - Level 0.7 Transmutations
 + Level 6.5 Earth Magic


You had 2 spell levels left.
You knew the following spells:

 Your Spells              Type           Power      Damage    Failure   Level
a - Sandblast             Erth           78%        2d17      1%          1
b - Blink                 Tloc           6%         N/A       22%         2
c - Petrify               Tmut/Erth      24%        N/A       32%         4
w - Passwall              Tmut/Erth      20%        N/A       4%          2
x - Stone Arrow           Conj/Erth      44%        3d9       12%         3

Your spell library contained the following spells:

 Spells                   Type           Power      Damage    Failure   Level
 Lesser Beckoning         Tloc           6%         N/A       22%         2
 Momentum Strike          Conj/Tloc      6%         3d8       22%         2


Dungeon Overview and Level Annotations

Branches:
Dungeon (3/15)

Altars:


Innate Abilities, Weirdness & Mutations

You are immune to sickness and miasma.
Your stone body is resilient. (AC +4)
You are immune to poison.
You resist negative energy. (rN+)
You are resistant to electric shocks. (rElec)
You are resistant to unholy torment.
You are immune to petrification.


Message History

You feel a surge of power!
The blast of sand hits the gnoll!
You now have 11/12 mp.
Aiming: Sandblast (safe; 1% risk of failure)
Press: ? - help, Q - select action, (/) - cycle Shift-Dir - straight line, f - gnoll
Aim: a gnoll, wielding a +0 club (86% to hit)
You feel a surge of power!
The blast of sand hits the gnoll.
You now have 10/12 mp.
Aiming: Sandblast (safe; 1% risk of failure)
Press: ? - help, Q - select action, (/) - cycle Shift-Dir - straight line, f/p - gnoll
Aim: a gnoll, wielding a +0 club (moderately wounded, 86% to hit)
You feel a surge of power!
The blast of sand hits the gnoll!
You now have 9/12 mp.
Aiming: Sandblast (safe; 1% risk of failure)
Press: ? - help, Q - select action, (/) - cycle Shift-Dir - straight line, f/p - gnoll
Aim: a gnoll, wielding a +0 club (moderately wounded, 86% to hit)
You feel a surge of power!
The blast of sand hits the gnoll!
You now have 8/12 mp.
Items here: ))) †.
You open the door.
There is an open door here.
You open the large door.
There is a large open door here.
Found a stone staircase leading down.
MP restored: 12
There is a stone staircase leading down here.
You open the door. You open the door.
An orc comes into view. It is wielding a +0 dagger.
There is an open door here.
An orc is nearby!
An orc is nearby!
An orc priest and an orc come into view.
The orc shouts!
The orc priest shouts!
The orc shouts!
You hear a shout!
Aiming: Sandblast (safe; 1% risk of failure)
Press: ? - help, Q - select action, (/) - cycle Shift-Dir - straight line, f - orc
Aim: an orc, wielding a +0 dagger and wearing a +0 chain mail (88% to hit)
You feel a surge of power!
The blast of sand hits the orc.
An orc comes into view. It is wielding a +0 hand axe.
You now have 11/12 mp.
Aiming: Sandblast (safe; 1% risk of failure)
Press: ? - help, Q - select action, (/) - cycle Shift-Dir - straight line, f - orc priest, p - orc
Aim: an orc priest, wielding a +0 short sword and wearing a +0 chain mail (88% to hit)
You feel a surge of power!
The blast of sand hits the orc.
An orc comes into view.
It is wielding a +2 flail of protection.
The orc priest mumbles some strange prayers to Beogh against you.
Beogh smites you!
You take 14 damage, and have 18/32 hp.
MASSIVE DAMAGE!!
You now have 10/12 mp.
Aiming: Sandblast (safe; 1% risk of failure)
Press: ? - help, Q - select action, (/) - cycle Shift-Dir - straight line, f/p - orc priest
Aim: an orc priest, wielding a +0 short sword and wearing a +0 chain mail (88% to hit)
You feel a surge of power!
The blast of sand hits the orc priest.
The orc shouts!
The orc hits you but does no damage.
The orc drinks a potion.
The orc suddenly seems more resistant.
You now have 9/12 mp.
There are monsters nearby!
Aiming: Sandblast (safe; 1% risk of failure)
Press: ? - help, Q - select action, (/) - cycle Shift-Dir - straight line, f/p - orc priest
Aim: an orc priest, wielding a +0 short sword and wearing a +0 chain mail (lightly wounded, 88% to hit)
You feel a surge of power!
The blast of sand hits the orc priest.
The orc priest barely misses you. The orc hits you but does no damage.
The orc priest hits you but does no damage.
The orc hits you with a +0 hand axe.
You take 1 damage, and have 17/32 hp.
You now have 8/12 mp.
Aiming: Sandblast (safe; 1% risk of failure)
Press: ? - help, Q - select action, (/) - cycle Shift-Dir - straight line, f/p - orc priest
Aim: an orc priest, wielding a +0 short sword and wearing a +0 chain mail (moderately wounded, 88% to hit)
You feel a surge of power!
The blast of sand hits the orc priest but does no damage.
The orc priest hits you but does no damage.
The orc barely misses you.
Aiming: Sandblast (safe; 1% risk of failure)
Press: ? - help, Q - select action, (/) - cycle Shift-Dir - straight line, f/p - orc priest
Aim: an orc priest, wielding a +0 short sword and wearing a +0 chain mail (moderately wounded, 88% to hit)
You feel a surge of power!
The blast of sand misses the orc priest.
The orc priest hits you with a +0 short sword.
The orc hits you with a +0 hand axe. The orc misses you.
The orc priest hits you with a +0 short sword.
The orc closely misses you. The orc hits you but does no damage.
You take 8 damage, and have 10/32 hp.
MASSIVE DAMAGE!!
You now have 7/12 mp.
Aiming: Sandblast (safe; 1% risk of failure)
Press: ? - help, Q - select action, (/) - cycle Shift-Dir - straight line, f/p - orc priest
Aim: an orc priest, wielding a +0 short sword and wearing a +0 chain mail (moderately wounded, 88% to hit)
You feel a surge of power!
The blast of sand hits the orc priest!
The orc hits you with a +0 hand axe.
* * * LOW HITPOINT WARNING * * *
The orc barely misses you.
You take 6 damage, and have 4/32 hp.
You now have 6/12 mp.
The orc barely misses you.
There is an open door here.
The orc closely misses you. The orc attacks as you move away!
The orc hits you but does no damage. The orc attacks as you move away!
The orc hits you with a +0 hand axe.
* * * LOW HITPOINT WARNING * * *
You take 3 damage, and have 3/32 hp.
The orc attacks as you move away! The orc misses you.
The orc attacks as you move away! The orc hits you with a +0 hand axe.
You die...

#.........#######.#
+.................#
#..........########
#..........# #..........#
##..........# #.........#.#
#.........#.########
+..@......#.........
#..o......########## #######
#..o......# .......
+.........# ## #......
#o........# ######. +......
+.........# ##...##.
#......###.........###.8.8.#.
#....))..'...........#_..).'.
#.......##........####.8.8)#.


You could see 3 orcs.

Vanquished Creatures
  Sigmund (D:2)
  2 orc priests (D:3)
  3 adders (D:2)
  3 gnolls (D:3)
  A worm (D:2)
  2 dart slugs
  3 orcs (D:3)
  3 endoplasms
  2 giant cockroaches
  4 goblins
  6 hobgoblins
  2 quokkas
  5 ball pythons
  A bat (D:2)
  A frilled lizard (D:1)
  3 kobolds
  8 rats
50 creatures vanquished.

Notes
Turn   | Place    | Note
-------+----------+-------------------------------------------
     0 | D:1      | IndexError the Gargoyle Earth Elementalist began the quest
                  | for the Orb.
     0 | D:1      | Reached XP level 1. HP: 10/10 MP: 3/3
    99 | D:1      | Reached skill level 4 in Earth Magic
    99 | D:1      | Reached XP level 2. HP: 15/15 MP: 0/5
  1046 | D:2      | Reached XP level 3. HP: 19/19 MP: 4/6
  1050 | D:2      | Noticed Sigmund
  1117 | D:2      | Killed Sigmund
  1118 | D:2      | Reached skill level 3 in Spellcasting
  1118 | D:2      | Reached skill level 5 in Earth Magic
  1118 | D:2      | Reached XP level 4. HP: 10/24 MP: 3/9
  1118 | D:2      | Reached XP level 5. HP: 11/28 MP: 3/10
  1224 | D:2      | Reached skill level 4 in Spellcasting
  1228 | D:2      | Learned a level 2 spell: Passwall
  1232 | D:2      | Learned a level 3 spell: Stone Arrow
  1235 | D:2      | Learned a level 2 spell: Blink
  1240 | D:2      | Learned a level 4 spell: Petrify
  1428 | D:2      | Reached skill level 6 in Earth Magic
  1523 | D:2      | Reached XP level 6. HP: 32/32 MP: 7/12
  1876 | D:2      | You fall into a shaft and drop 1 floor!
  2287 | D:3      | HP: 4/32 [orc/+0 hand axe (6)]
  2296 | D:3      | HP: 2/32 [orc/+0 hand axe (4)]
  2298 | D:3      | Slain by an orc

Illustrated notes

Levels and vault maps discovered:
D:1:      erik_arrival_cave_to_civilisation [erik_arrival_cave_to_hall],
          layout_basic, minivault_23, minmay_statues_item
D:2:      layout_basic, serial_glass, glass_columns_a, glass_columns_a,
          dreamdust_ecumenical_altar_drowned_temple, kennysheep_generic_room_4,
          uniq_sigmund
D:3:      layout_basic, kennysheep_orc_chapel

Skill      XL: |  1  2  3  4  5 |
---------------+----------------+-----
Earth Magic    | 4 5 6 |  6.5
Spellcasting   | 3 4 |  4.5
Dodging        | |  1.5
Stealth        | |  2.1
Transmutations | |  0.7

Action                     |  1- 3 |  4- 6 || total
---------------------------+-------+-------++-------
  Melee: Dagger            |     8 |       ||     8
         Short sword       |     6 |       ||     6
   Cast: Sandblast         |    26 |    38 ||    64
 Armour: Robe              |     4 |     6 ||    10
  Dodge: Dodged            |    17 |     9 ||    26

Table legend: (Time is in decaauts)
 A = Elapsed time spent in this place.
 B = Non-inter-level travel time spent in this place.
 C = Inter-level travel time spent in this place.
 D = Time resting spent in this place.
 E = Time spent auto-exploring this place.
 F = Levels seen in this place.
 G = Mean time per level.
                   A        B        C        D        E       F      G
               +--------+--------+--------+--------+--------+-----+--------+
         Total |   2330 |   2237 |     93 |      0 |   1938 |   3 |  776.7 |
       Dungeon |   2330 |   2237 |     93 |      0 |   1938 |   3 |  776.7 |
               +--------+--------+--------+--------+--------+-----+--------+

Top non-repeatable levels by time:
     D:1: 1094 daAuts
     D:2: 806 daAuts
     D:3: 429 daAuts

Table legend:
 A = Kills in this place as a percentage of kills in the entire game.
 B = Kills by you in this place as a percentage of kills by you in the entire game.
 C = Kills by friends in this place as a percentage of kills by friends in the entire game.
 D = Other kills in this place as a percentage of other kills in the entire game.
 E = Experience gained in this place as a percentage of experience gained in the entire game.
 F = Experience gained in this place divided by the number of levels of this place that you have seen.
                   A       B       C       D       E      F
               +-------+-------+-------+-------+-------+----------------------
         Total | 100.0 | 100.0 |   N/A |   N/A | 100.0 | 157.3
       Dungeon | 100.0 | 100.0 |   N/A |   N/A | 100.0 | 157.3
               +-------+-------+-------+-------+-------+----------------------
